NCAA
NORTHWESTERN WILDCATS @ CLEMSON TIGERS
05/19/2025
 
TOP OF THE 1ST
Northwestern Wildcats batting - Pitching for Clemson Tigers : RHP Justin Mateo
Pitching: RHP Justin Mateo
Batting: RHB Pablo Velásquez 0-0: Foul Ball, location: 2F
0-1: Swinging Strike
0-2: Foul Ball, location: 2F
0-2: Ball
1-2: Strikes out swinging
Batting: RHB Bill Christian 0-0: Ball
1-0: Ball
2-0: Bunt for hit - play at first, batter OUT! 4-3
Batting: SHB Arnold Maddox 0-0: Called Strike
0-1: Ball
1-1: Ball
2-1: Swinging Strike
2-2: SINGLE (Line Drive, 8LS)
Batting: RHB Kelly Graham 0-0: Called Strike
0-1: Ball
1-1: Ball
2-1: Called Strike
2-2: Foul Ball, location: 2F
2-2: SINGLE (Line Drive, 8RS)
Arnold Maddox to second
Batting: LHB Xavier Smith 0-0: Called Strike
0-1: Ball
1-1: Swinging Strike
1-2: Ball
2-2: Foul Ball, location: 2F
2-2: Foul Ball, location: 2F
2-2: Strikes out swinging
Top of the 1st over - 0 run(s), 2 hit(s), 0 error(s), 2 left on base; Northwestern 0 - Clemson 0
BOTTOM OF THE 1ST
Clemson Tigers batting - Pitching for Northwestern Wildcats : RHP Danny Lee
Pitching: RHP Danny Lee
Batting: LHB Burt Ward 0-0: Called Strike
0-1: Foul Ball, location: 2F
0-2: Ball
1-2: Ground out 4-3 (Groundball, 4M)
Batting: LHB Peter Puckett 0-0: Ball
1-0: Ball
2-0: Ball
3-0: Base on Balls
Batting: RHB Jonathan Williams 0-0: Ball
1-0: Ball
2-0: Called Strike
2-1: Foul Ball, location: 2F
2-2: Strikes out looking
Batting: LHB Wally Harris 0-0: Ball
1-0: Ball
2-0: Called Strike
2-1: Swinging Strike
2-2: SINGLE (Line Drive, 4MD)
Peter Puckett to second
Batting: RHB Leonard Harris 0-0: Foul Ball, location: 2F
0-1: Ball
1-1: Ball
2-1: Foul Ball, location: 2F
2-2: Foul Ball, location: 2F
2-2: Strikes out swinging
Bottom of the 1st over - 0 run(s), 1 hit(s), 0 error(s), 2 left on base; Northwestern 0 - Clemson 0
TOP OF THE 2ND
Northwestern Wildcats batting - Pitching for Clemson Tigers : RHP Justin Mateo
Batting: LHB Ramón Morán 0-0: Fly out, F9 (Line Drive, 9M)
Batting: RHB Robert Carter 0-0: Ball
1-0: Called Strike
1-1: Fly out, F9 (Flyball, 9M)
Batting: LHB John Allen 0-0: Called Strike
0-1: Foul Ball, location: 2F
0-2: Ball
1-2: Foul Ball, location: 2F
1-2: Foul Ball, location: 2F
1-2: Strikes out swinging
Top of the 2nd over - 0 run(s), 0 hit(s), 0 error(s), 0 left on base; Northwestern 0 - Clemson 0
BOTTOM OF THE 2ND
Clemson Tigers batting - Pitching for Northwestern Wildcats : RHP Danny Lee
Batting: SHB Kenneth Cruz 0-0: Ball
1-0: Ball
2-0: Swinging Strike
2-1: Ball
3-1: Base on Balls
Batting: RHB James Taylor 0-0: SINGLE (Line Drive, 4D)
Kenneth Cruz to second
Runner from 2nd tries for 3rd, SAFE, throw made to third
James Taylor to second
Batting: LHB Ralph Jackson 0-0: Called Strike
0-1: Foul Ball, location: 2F
0-2: Strikes out swinging
Batting: RHB Armando Vega 0-0: Ball
1-0: Swinging Strike
1-1: Ball
2-1: Called Strike
2-2: Ball
3-2: Base on Balls
Batting: LHB Burt Ward 0-0: Called Strike
0-1: GRAND SLAM HOME RUN (Flyball, 89XD), Distance : 368 ft
Batting: LHB Peter Puckett 0-0: Ball
1-0: Swinging Strike
1-1: Foul Ball, location: 2F
1-2: Ground out 4-3 (Groundball, 4S)
Batting: RHB Jonathan Williams 0-0: Ball
1-0: Ground out 5-3 (Groundball, 56)
Bottom of the 2nd over - 4 run(s), 2 hit(s), 0 error(s), 0 left on base; Northwestern 0 - Clemson 4
TOP OF THE 3RD
Northwestern Wildcats batting - Pitching for Clemson Tigers : RHP Justin Mateo
Batting: RHB Bob Acosta 0-0: Ball
1-0: Ball
2-0: Ball
3-0: Base on Balls
Batting: RHB Pablo Velásquez 0-0: Fly out, F8 (Flyball, 78M)
Batting: RHB Bill Christian 0-0: Swinging Strike
0-1: Called Strike
0-2: Strikes out swinging
Batting: SHB Arnold Maddox 0-0: Ball
1-0: Ball
2-0: Called Strike
2-1: Foul Ball, location: 2F
2-2: Foul Ball, location: 2F
2-2: Ball
3-2: Foul Ball, location: 2F
3-2: Foul Ball, location: 2F
3-2: Base on Balls
Bob Acosta to second
Batting: RHB Kelly Graham 0-0: Ball
1-0: Ball
Wild Pitch!
Bob Acosta to third
Arnold Maddox to second
2-0: Called Strike
2-1: Ball
3-1: Base on Balls
Batting: LHB Xavier Smith 0-0: Ball
1-0: Foul Ball, location: 2F
1-1: Ball
2-1: Swinging Strike
2-2: Foul Ball, location: 2F
2-2: Ball
3-2: Foul Ball, location: 2F
3-2: Fly out, F6 (Popup, 7LS)
Top of the 3rd over - 0 run(s), 0 hit(s), 0 error(s), 3 left on base; Northwestern 0 - Clemson 4
BOTTOM OF THE 3RD
Clemson Tigers batting - Pitching for Northwestern Wildcats : RHP Danny Lee
Batting: LHB Wally Harris 0-0: TRIPLE (Flyball, 78XD)
Batting: RHB Leonard Harris 0-0: Swinging Strike
0-1: DOUBLE (Flyball, 7M)
Wally Harris scores
Batting: SHB Kenneth Cruz 0-0: Ball
1-0: Called Strike
1-1: Ball
2-1: Foul Ball, location: 2F
2-2: SINGLE (Line Drive, 4M)
Leonard Harris to third
Batting: RHB James Taylor 0-0: Ball
1-0: Foul Ball, location: 2F
1-1: SINGLE (Groundball, 34D)
Leonard Harris scores
Kenneth Cruz to second
Runner from 2nd tries for 3rd, SAFE, throw made to third
Batting: LHB Ralph Jackson 0-0: Ball
1-0: Swinging Strike
1-1: Foul Ball, location: 2F
1-2: Foul Ball, location: 2F
1-2: Ball
2-2: Foul Ball, location: 2F
2-2: Foul Ball, location: 2F
2-2: Fielders Choice at 2nd, 1-6 (Groundball, 13S)
Batting: RHB Armando Vega 0-0: Called Strike
0-1: Ball
1-1: Ball
Ralph Jackson is caught stealing 2nd base
2-1: Ball
3-1: Base on Balls
Batting: LHB Burt Ward 0-0: Ball
1-0: Foul Ball, location: 2F
1-1: Foul Ball, location: 2F
1-2: Ball
2-2: Fly out, F8 (Flyball, 8LM)
Bottom of the 3rd over - 2 run(s), 4 hit(s), 0 error(s), 2 left on base; Northwestern 0 - Clemson 6
TOP OF THE 4TH
Northwestern Wildcats batting - Pitching for Clemson Tigers : RHP Justin Mateo
Batting: LHB Ramón Morán 0-0: Foul Ball, location: 2F
0-1: Ball
1-1: Ball
2-1: Ball
3-1: Foul Ball, location: 2F
3-2: Ground out 6-3 (Groundball, 6M)
Batting: RHB Robert Carter 0-0: Called Strike
0-1: Called Strike
0-2: Strikes out swinging
Batting: LHB John Allen 0-0: Ball
1-0: Ball
2-0: Fly out, F7 (Line Drive, 7LM)
Top of the 4th over - 0 run(s), 0 hit(s), 0 error(s), 0 left on base; Northwestern 0 - Clemson 6
BOTTOM OF THE 4TH
Clemson Tigers batting - Pitching for Northwestern Wildcats : RHP Danny Lee
Batting: LHB Peter Puckett 0-0: Ball
1-0: Swinging Strike
1-1: Ball
2-1: Called Strike
2-2: Ball
3-2: SINGLE (Groundball, 34S)
Pitching: RHP Dirk Doyle
Batting: RHB Jonathan Williams 0-0: Foul Ball, location: 2F
0-1: Foul Ball, location: 2F
0-2: Ground out 5-3 (Groundball, 56S)
Peter Puckett to second
Batting: LHB Wally Harris 0-0: Swinging Strike
0-1: Foul Ball, location: 2F
0-2: SINGLE (Line Drive, 78M)
Peter Puckett to third
Batting: RHB Leonard Harris 0-0: Ball
Wally Harris is caught stealing 2nd base
1-0: Foul Ball, location: 2F
1-1: Swinging Strike
1-2: Ball
2-2: SINGLE (Groundball, 6MD)
Peter Puckett scores
Batting: SHB Kenneth Cruz 0-0: Foul Ball, location: 2F
0-1: Ball
1-1: Ground out 4-3 (Groundball, 34)
Bottom of the 4th over - 1 run(s), 3 hit(s), 0 error(s), 1 left on base; Northwestern 0 - Clemson 7
TOP OF THE 5TH
Northwestern Wildcats batting - Pitching for Clemson Tigers : RHP Justin Mateo
Batting: RHB Bob Acosta 0-0: Called Strike
0-1: Ball
1-1: Ball
2-1: Foul Ball, location: 2F
2-2: Strikes out swinging
Pitching: RHP Neil Killoch
Batting: RHB Pablo Velásquez 0-0: Foul Ball, location: 2F
0-1: Swinging Strike
0-2: Ball
1-2: Strikes out swinging
Batting: RHB Bill Christian 0-0: Called Strike
0-1: Called Strike
0-2: Ball
1-2: Strikes out looking
Top of the 5th over - 0 run(s), 0 hit(s), 0 error(s), 0 left on base; Northwestern 0 - Clemson 7
BOTTOM OF THE 5TH
Clemson Tigers batting - Pitching for Northwestern Wildcats : RHP Dirk Doyle
Batting: RHB James Taylor 0-0: SOLO HOME RUN (Flyball, 7D), Distance : 351 ft
Batting: LHB Ralph Jackson 0-0: Called Strike
0-1: Ball
1-1: Fly out, F8 (Flyball, 8RM)
Batting: RHB Armando Vega 0-0: Called Strike
0-1: Foul Ball, location: 2F
0-2: Ground out 5-3 (Groundball, 56)
Batting: LHB Burt Ward 0-0: Ball
1-0: Ground out 4-3 (Groundball, 4)
Bottom of the 5th over - 1 run(s), 1 hit(s), 0 error(s), 0 left on base; Northwestern 0 - Clemson 8
TOP OF THE 6TH
Northwestern Wildcats batting - Pitching for Clemson Tigers : RHP Neil Killoch
Batting: SHB Arnold Maddox 0-0: Ball
1-0: Ball
2-0: Ball
3-0: Base on Balls
Batting: RHB Kelly Graham 0-0: Called Strike
0-1: Ball
1-1: Fly out, F8 (Flyball, 8LM)
Batting: LHB Xavier Smith 0-0: Ball
1-0: Ball
2-0: Foul Ball, location: 2F
2-1: TRIPLE (Line Drive, 89S)
Arnold Maddox scores
Batting: LHB Ramón Morán 0-0: Fly out, F8 (Line Drive, 8LM)
Runner from 3rd tags up, SCORES, throw made
Batting: RHB Robert Carter 0-0: Ground out 5-3 (Groundball, 15S)
Top of the 6th over - 2 run(s), 1 hit(s), 0 error(s), 0 left on base; Northwestern 2 - Clemson 8
BOTTOM OF THE 6TH
Clemson Tigers batting - Pitching for Northwestern Wildcats : RHP Dirk Doyle
Batting: LHB Peter Puckett 0-0: Called Strike
0-1: Ball
1-1: Fly out, F9 (Line Drive, 9M)
Batting: RHB Jonathan Williams 0-0: Fly out, F9 (Flyball, 89S)
Batting: LHB Wally Harris 0-0: Ball
1-0: Ball
2-0: Called Strike
2-1: Foul Ball, location: 2F
2-2: Strikes out swinging
Bottom of the 6th over - 0 run(s), 0 hit(s), 0 error(s), 0 left on base; Northwestern 2 - Clemson 8
TOP OF THE 7TH
Northwestern Wildcats batting - Pitching for Clemson Tigers : RHP Neil Killoch
Batting: LHB John Allen 0-0: SOLO HOME RUN (Flyball, 9D), Distance : 371 ft
Batting: RHB Bob Acosta 0-0: Called Strike
0-1: Ball
1-1: Ball
2-1: Swinging Strike
2-2: Strikes out swinging
Pitching: LHP Kevin Webb
Batting: RHB Pablo Velásquez 0-0: Ball
1-0: Ball
2-0: Reached on error, E6 (Groundball, 6)
Batting: RHB Bill Christian 0-0: Ball
1-0: Ball
2-0: Called Strike
2-1: Ball
3-1: Base on Balls
Batting: SHB Arnold Maddox 0-0: Called Strike
0-1: Called Strike
0-2: Foul Ball, location: 2F
0-2: Ball
1-2: SINGLE (Line Drive, 89S)
Pablo Velásquez to third
Bill Christian to second
Batting: RHB Kelly Graham 0-0: Hit by Pitch
Pablo Velásquez scores
Bill Christian to third
Arnold Maddox to second
Batting: LHB Xavier Smith 0-0: Fly out, F7 (Flyball, 78M)
Batting: LHB Ramón Morán 0-0: Ball
1-0: Swinging Strike
1-1: Ball
2-1: Ball
3-1: Base on Balls
Bill Christian scores
Arnold Maddox to third
Kelly Graham to second
Batting: RHB Robert Carter 0-0: SINGLE (Groundball, 34D)
Arnold Maddox scores
Kelly Graham to third
Ramón Morán to second
Runner from 3rd tries for Home, SAFE, no throw or cutoff
Pitching: RHP Joe Kennedy
Batting: LHB John Allen 0-0: Ball
1-0: Fielders Choice at 2nd, U6 (Groundball, 6M)
Top of the 7th over - 5 run(s), 3 hit(s), 1 error(s), 2 left on base; Northwestern 7 - Clemson 8
BOTTOM OF THE 7TH
Clemson Tigers batting - Pitching for Northwestern Wildcats : RHP Dirk Doyle
Pitching: LHP Terry Dukes
Batting: RHB Leonard Harris 0-0: Called Strike
0-1: Foul Ball, location: 2F
0-2: TRIPLE (Flyball, 78M)
Batting: SHB Kenneth Cruz 0-0: Ball
1-0: Ball
2-0: Reached on Error, E8 (Flyball, 8LM)
Leonard Harris scores
Batting: RHB James Taylor 0-0: Sac Bunt - play at second, runner OUT! 1-6
Batting: LHB Ralph Jackson 0-0: Called Strike
0-1: Swinging Strike
0-2: Ball
1-2: Strikes out swinging
Batting: RHB Armando Vega 0-0: Ball
1-0: Ball
2-0: Called Strike
2-1: Ball
3-1: Swinging Strike
3-2: Base on Balls
James Taylor to second
Batting: LHB Burt Ward 0-0: Called Strike
0-1: Foul Ball, location: 2F
0-2: Strikes out swinging
Bottom of the 7th over - 1 run(s), 1 hit(s), 1 error(s), 2 left on base; Northwestern 7 - Clemson 9
TOP OF THE 8TH
Northwestern Wildcats batting - Pitching for Clemson Tigers : RHP Joe Kennedy
Batting: RHB Bob Acosta 0-0: Ball
1-0: Ball
2-0: Ball
3-0: Called Strike
3-1: Swinging Strike
3-2: Base on Balls
Pitching: LHP Jorge Gatán
Batting: RHB Pablo Velásquez 0-0: Foul Ball, location: 2F
0-1: Swinging Strike
0-2: Ball
1-2: Strikes out swinging
Pitching: RHP Jaime De Los Santos
Batting: RHB Bill Christian 0-0: Called Strike
0-1: Ball
1-1: Swinging Strike
1-2: Ball
2-2: Strikes out swinging
Batting: SHB Arnold Maddox 0-0: Ball
1-0: Ball
2-0: Called Strike
2-1: Foul Ball, location: 2F
2-2: Ball
3-2: Ground out 6-3 (Groundball, 56)
Top of the 8th over - 0 run(s), 0 hit(s), 0 error(s), 1 left on base; Northwestern 7 - Clemson 9
BOTTOM OF THE 8TH
Clemson Tigers batting - Pitching for Northwestern Wildcats : LHP Terry Dukes
Batting: LHB Peter Puckett 0-0: Foul Ball, location: 2F
0-1: Ball
1-1: Ground out 3-1 (Groundball, 34)
Batting: RHB Jonathan Williams 0-0: Called Strike
0-1: Ball
1-1: Fly out, F5 (Line Drive, 5)
Batting: LHB Wally Harris 0-0: Ball
1-0: Ball
2-0: Foul Ball, location: 2F
2-1: Foul Ball, location: 2F
2-2: Foul Ball, location: 2F
2-2: Foul Ball, location: 2F
2-2: Foul Ball, location: 2F
2-2: Ball
3-2: Ground out 5-3 (Groundball, 5D)
Bottom of the 8th over - 0 run(s), 0 hit(s), 0 error(s), 0 left on base; Northwestern 7 - Clemson 9
TOP OF THE 9TH
Northwestern Wildcats batting - Pitching for Clemson Tigers : RHP Jaime De Los Santos
Pitching: LHP Júlio Gonzáles
Batting: RHB Kelly Graham 0-0: Ball
1-0: Ball
2-0: Ball
3-0: Base on Balls
Batting: LHB Xavier Smith 0-0: Ball
1-0: Foul Ball, location: 2F
1-1: Ball
2-1: Ball
3-1: 2-RUN HOME RUN (Flyball, 9D), Distance : 344 ft
Batting: LHB Ramón Morán 0-0: Called Strike
0-1: Called Strike
0-2: Ball
1-2: Ball
2-2: Fly out, F7 (Flyball, 7D)
Batting: RHB Robert Carter 0-0: Foul Ball, location: 2F
0-1: Ball
1-1: Swinging Strike
1-2: Strikes out swinging
Pinch Hitting: RHB Randy Moon 0-0: Foul Ball, location: 2F
0-1: Ground out 5-3 (Groundball, 5S)
Top of the 9th over - 2 run(s), 1 hit(s), 0 error(s), 0 left on base; Northwestern 9 - Clemson 9
BOTTOM OF THE 9TH
Clemson Tigers batting - Pitching for Northwestern Wildcats : LHP Terry Dukes
Pitching: RHP Héctor García
Now at 1B: Randy Moon
Batting: RHB Leonard Harris 0-0: Ball
1-0: Ball
2-0: Ball
3-0: Base on Balls
Batting: SHB Kenneth Cruz 0-0: Ball
1-0: Ball
2-0: Bunt - Flyout! F2
Batting: RHB James Taylor 0-0: Ball
1-0: Foul Ball, location: 2F
1-1: Ball
2-1: Ball
3-1: Base on Balls
Leonard Harris to second
Batting: LHB Ralph Jackson 0-0: Ball
1-0: Ball
2-0: Ball
3-0: Base on Balls
Leonard Harris to third
James Taylor to second
Batting: RHB Armando Vega 0-0: Ball
1-0: Called Strike
1-1: GRAND SLAM HOME RUN (Flyball, 78XD), Distance : 379 ft
This league is powered by Out of the Park Baseball, the baseball management simulation game for PC, Mac and Linux
Tuesday, August 2nd, 2016 - OOTP Baseball 16.8 Build 38